 Dungeon Crawl Stone Soup version 0.31-a0-889-g1a8549509d (webtiles) character file.

Game seed: 2217181977307897737

247 Maratek the Shooter (level 5, 0/27 HPs)
             Began as a Spriggan Hunter on Oct 16, 2023.
             Was an Initiate of Yredelemnul.
             Killed by nerve-wracking pain
             ... invoked by an orc priest
              (6 damage)
             ... on level 4 of the Dungeon.
             The game lasted 00:05:32 (2730 turns).

Maratek the Shooter (Spriggan Hunter)               Turns: 2730, Time: 00:05:32

Health: 0/27       AC:  2    Str:  7    XL:     5   Next: 85%
Magic:  6/6        EV: 18    Int: 16    God:    Yredelemnul [......]
Gold:   125        SH:  0    Dex: 21    Spells: 4/4 levels left

rFire   . . .        a - +2 shortbow
rCold   + . .        (shield currently unavailable)
rNeg    . . .        c - +0 robe
rPois   .            (helmet restricted)
rElec   .            (no cloak)
rCorr   .            (gloves unavailable)
SInv    +            (boots unavailable)
Will    .....        (no amulet)
Stlth   ++           i - +6 ring of intelligence
HPRegen 0.24/turn    k - ring of protection from cold
MPRegen 0.10/turn

%: no passive effects
@: very quick
A: very small, no large weapons, unfitting armour, see invisible, speed 3
a: Renounce Religion, Recall Undead Harvest


You were on level 4 of the Dungeon.
You worshipped Yredelemnul.
Yredelemnul was noncommittal.
You visited 1 branch of the dungeon, and saw 4 of its levels.

You collected 125 gold pieces.

Inventory:

Hand Weapons
 a - a +2 shortbow (weapon)
Armour
 c - a +0 robe (worn)
Jewellery
 f - a ring of fire
 i - a +6 ring of intelligence (left hand)
 k - a ring of protection from cold (right hand)
Wands
 j - a wand of charming (1)
Scrolls
 b - a scroll of butterflies
 d - a scroll of identify
 h - a scroll of fear
 m - a scroll of blinking
Potions
 g - a potion of curing
 l - a potion of heal wounds
 n - a potion of invisibility {unknown}


   Skills:
 + Level 2.4 Fighting
 + Level 6.7 Ranged Weapons
 + Level 2.8 Dodging
 + Level 1.7 Stealth


You had 4 spell levels left.
You didn't know any spells.
Your spell library was empty.

Dungeon Overview and Level Annotations

Branches:
Dungeon (4/15)
 Temple: D:4-7

Altars:
Ashenzari
Nemelex Xobeh
Yredelemnul
Zin

Annotations:
D:4 Sigmund


Innate Abilities, Weirdness & Mutations

You are very small and have problems with some larger weapons.
You are too small for most types of armour.
You have supernaturally acute eyesight. (SInv)
You cover ground extremely quickly. (Speed+++)


Message History

The phantom is heavily damaged.
An orc comes into view. It is wielding a +0 club.
The phantom hits you but does no damage.
The phantom barely misses you. The orc priest completely misses you.
You shoot an arrow. The arrow barely misses the phantom.
The orc priest hits you with a +0 mace. The phantom completely misses you.
You shoot an arrow. The arrow barely misses the phantom.
The phantom closely misses you.
Unknown command.
You shoot an arrow. The arrow barely misses the phantom.
The phantom misses you. The orc hits you with a +0 flail.
The orc priest misses you.
An orc wizard comes into view. It is wielding a +0 dagger.
Unknown command.
You shoot an arrow. The arrow hits the phantom.
The phantom is heavily damaged.
The orc priest hits you with a +0 mace. The orc closely misses you.
The phantom hits you but does no damage.
Unknown command.
You shoot an arrow. The arrow barely misses the phantom.
The orc priest hits you with a +0 mace. The orc hits you with a +0 flail.
* * * LOW HITPOINT WARNING * * *
The phantom misses you.
Unknown command.
You are too injured to fight recklessly!
Unknown command.
You are too injured to fight recklessly!
Unknown command.
You are too injured to fight recklessly!
Unknown command.
You are too injured to fight recklessly!
The orc priest attacks as it pursues you!
The orc priest hits you with a +0 mace.
* * * LOW HITPOINT WARNING * * *
The orc wizard mumbles some strange words.
The orc wizard flickers and vanishes for a moment.
The orc priest invokes the aid of Beogh against you.
Pain shoots through your body!
You die...
Your body rises from the dead as a mindless zombie.

#...... ##......
.......#
##......##
##..##....#
#.##... #...##
.#.....## ##..<#
....o#.W###...##
#.....o#..@..#
.<......oo..####
.#.##.........#
# ##.##....##
###.....#
###..## ####


You could see an orc priest and an orc.

Vanquished Creatures
  A bullfrog (D:3)
  3 gnolls (D:2)
  6 adders
  4 worms
  7 dart slugs
  10 bats
  3 endoplasms
  5 giant cockroaches
  9 goblins
  5 hobgoblins
  4 jackals (D:1)
  2 quokkas
  4 ball pythons
  8 frilled lizards
  2 kobolds (D:1)
  5 rats
  A spectral orc (D:3)
79 creatures vanquished.

Vanquished Creatures (collateral kills)
  A hobgoblin (D:3)
  A frilled lizard (D:3)
2 creatures vanquished.

Vanquished Creatures (others)
  A frilled lizard zombie (D:3)
1 creature vanquished.

Grand Total: 82 creatures vanquished

Notes
Turn   | Place    | Note
-------+----------+-------------------------------------------
     0 | D:1      | Maratek the Spriggan Hunter began the quest for the Orb.
     0 | D:1      | Reached XP level 1. HP: 10/10 MP: 2/2
    98 | D:1      | Reached XP level 2. HP: 15/15 MP: 3/3
   342 | D:1      | Reached XP level 3. HP: 18/18 MP: 4/4
   789 | D:2      | Reached skill level 5 in Ranged Weapons
   881 | D:2      | Reached XP level 4. HP: 23/23 MP: 5/5
  1759 | D:3      | Found a sparkling altar of Nemelex Xobeh.
  1900 | D:3      | Noticed a bullfrog
  1911 | D:3      | Killed a bullfrog
  1912 | D:3      | Reached skill level 6 in Ranged Weapons
  1912 | D:3      | Reached XP level 5. HP: 17/27 MP: 6/6
  1974 | D:3      | Found a glowing silver altar of Zin.
  2201 | D:3      | Found a basalt altar of Yredelemnul.
  2211 | D:3      | Became a worshipper of Yredelemnul the Dark
  2242 | D:3      | Found a broken altar of Ashenzari.
  2356 | D:3      | Reached * piety under Yredelemnul
  2648 | D:4      | Noticed Sigmund
  2713 | D:4      | Noticed a phantom
  2730 | D:4      | Killed from afar by an orc priest

Illustrated notes

Levels and vault maps discovered:
D:1:      minmay_arrival_plants_in_alcoves, layout_rooms, minivault_24,
          chequers_serial_rivers_micro_c, kennysheep_crisscross,
          patterned_corridor
D:2:      layout_loops_cross
D:3:      kennysheep_six_static_rooms, layout_basic,
          ashenzari_conservatory_becter, yredelemnul_forgotten_temple_becter,
          old_standard_altar, lemuel_crystal_altar
D:4:      layout_cave_pools, nzn_wu_jian_council_hall, gammafunk_ghost_split,
          moated_statue, pf_guarded_unrand_meek, uniq_robin, uniq_sigmund

Skill      XL: |  1  2  3  4 |
---------------+-------------+-----
Ranged Weapons | 5 6 |  6.7
Fighting       | 2 |  2.4
Dodging        | |  2.8
Stealth        | |  1.7

Action                     |  1- 3 |  4- 6 || total
---------------------------+-------+-------++-------
   Fire: Shortbow          |   113 |   131 ||   244
    Use: Scroll            |       |    10 ||    10
 Armour: Robe              |    14 |    23 ||    37
  Dodge: Dodged            |    31 |    36 ||    67

Table legend: (Time is in decaauts)
 A = Elapsed time spent in this place.
 B = Non-inter-level travel time spent in this place.
 C = Inter-level travel time spent in this place.
 D = Time resting spent in this place.
 E = Time spent auto-exploring this place.
 F = Levels seen in this place.
 G = Mean time per level.
                   A        B        C        D        E       F      G
               +--------+--------+--------+--------+--------+-----+--------+
         Total |   2012 |   1944 |     68 |    406 |   1153 |   4 |  503.0 |
       Dungeon |   2012 |   1944 |     68 |    406 |   1153 |   4 |  503.0 |
               +--------+--------+--------+--------+--------+-----+--------+

Top non-repeatable levels by time:
     D:2: 880 daAuts
     D:3: 654 daAuts
     D:1: 448 daAuts
     D:4: 30 daAuts
